General information
- name: BNet
- type: Ladder team game (AT/RT)
- host: Battle.net
- saver: PRESS.ONWARD.
map: MarketSquare
- players: 8
- length: 17:41
- speed: Fast
- version: 1.26 W3XP
- replay type: Public
» download(100 KB)
Players
team 1 (winner)

»
LPVolpi (
blue | 47 APM | 822 actions | 17:37)
7 Mountain King
2 Thunder Clap
3 Bash
2 Storm Bolt
3 Dark Ranger
2 Silence
1 Life Drain
» actions
| Assign group hotkey | 14 | |
| Basic commands | 3 | |
| Build / train | 57 | |
| Enter build submenu | 21 | |
| Enter hero's abilities submenu | 10 | |
| Remove unit from queue | 3 | |
| Right click | 326 | |
| Select / deselect | 209 | |
| Select group hotkey | 134 | |
| Use ability | 45 | |
822 total
» units
| Peasant | 15 | |
| Footman | 9 | |
| Gryphon Rider | 4 | |
28 total
» upgrades
| Defend | 1 | |
| Lumber Harvesting | 1 | |
| Swords | 2 | |
| Storm Hammers | 1 | |
| Armor | 2 | |
7 total
» buildings
| Altar of Kings | 1 | |
| Farm | 9 | |
| Orc Burrow | 1 | |
| Barracks | 2 | |
| Arcane Vault | 2 | |
| Keep | 1 | |
| Lumber Mill | 1 | |
| Castle | 1 | |
| Gryphon Aviary | 3 | |
| Blacksmith | 1 | |
| Town Hall | 1 | |
23 total
» build order
00:12 Altar of Kings
00:15 Farm
00:37 Orc Burrow
00:57 Barracks
01:05 Farm
01:39 Barracks
02:23 Arcane Vault
02:59 Farm
03:14 Arcane Vault
03:47 Farm
04:59 Keep
05:02 Farm
05:26 Lumber Mill
07:21 Castle
08:47 Castle
08:51 Gryphon Aviary
08:54 Gryphon Aviary
08:58 Blacksmith
09:45 Farm
09:45 Farm
09:46 Farm
09:46 Farm
12:50 Gryphon Aviary
13:51 Town Hall
» items
| Scroll of Town Portal | 1 | |
| Tome of Retraining | 1 | |
2 total

»
2easy4me (
red | 79 APM | 1386 actions | 17:37)
4 Keeper of the Grove
2 Entangling Roots
2 Thorns Aura
3 Tauren Chieftain
2 Endurance Aura
1 War Stomp
5 Shadow Hunter
2 Hex
3 Healing Wave
4 Priestess of the Moon
2 Trueshot Aura
2 Scout
» actions
| Assign group hotkey | 16 | |
| Basic commands | 1 | |
| Build / train | 109 | |
| ESC pressed | 3 | |
| Enter build submenu | 37 | |
| Enter hero's abilities submenu | 16 | |
| Remove unit from queue | 14 | |
| Right click | 759 | |
| Select / deselect | 321 | |
| Select group hotkey | 40 | |
| Use ability | 70 | |
1386 total
» units
| Wisp | 17 | |
| Peon | 8 | |
| Grunt | 13 | |
| Archer | 13 | |
| Druid of the Talon | 3 | |
| Raider | 6 | |
| Hippogryph | 2 | |
62 total
» upgrades
| Pillage | 1 | |
| Marksmanship | 1 | |
| Berserker Strength | 1 | |
| Strength of the Moon | 1 | |
| Moon Armor | 1 | |
| Melee Weapons | 1 | |
| Armor | 1 | |
| Strength of the Wild | 1 | |
8 total
» buildings
| Altar of Elders | 1 | |
| Moon Well | 6 | |
| Altar of Storms | 1 | |
| Orc Burrow | 8 | |
| Barracks | 2 | |
| Voodoo Lounge | 1 | |
| Ancient of War | 5 | |
| Tree of Ages | 1 | |
| Stronghold | 1 | |
| Tree of Eternity | 1 | |
| Tree of Life | 3 | |
| Hunter's Hall | 1 | |
| Fortress | 1 | |
| Beastiary | 2 | |
| Ancient of Wind | 2 | |
36 total
» build order
00:02 Altar of Elders
00:04 Moon Well
00:30 Altar of Storms
00:37 Orc Burrow
01:08 Barracks
01:14 Orc Burrow
01:21 Voodoo Lounge
01:35 Ancient of War
02:19 Barracks
02:40 Moon Well
02:40 Moon Well
02:47 Tree of Ages
03:06 Orc Burrow
03:48 Orc Burrow
04:52 Stronghold
06:56 Tree of Eternity
07:02 Moon Well
07:03 Moon Well
08:49 Orc Burrow
09:09 Ancient of War
09:10 Ancient of War
09:13 Ancient of War
09:15 Ancient of War
09:18 Tree of Life
09:26 Hunter's Hall
11:03 Fortress
11:35 Moon Well
12:12 Beastiary
12:13 Beastiary
12:18 Orc Burrow
12:19 Orc Burrow
13:11 Ancient of Wind
13:12 Ancient of Wind
13:56 Tree of Life
13:58 Tree of Life
15:47 Orc Burrow

»
harn (
teal | 19 APM | 8 actions | 00:24)
PRESS.ONWARD. (
pink | 33 APM | 580 actions | 17:41)
» actions
| Assign group hotkey | 6 | |
| Basic commands | 2 | |
| Build / train | 22 | |
| Enter build submenu | 6 | |
| Right click | 308 | |
| Select / deselect | 105 | |
| Select group hotkey | 123 | |
| Use ability | 8 | |
580 total
» units
» buildings
» build order
00:32 Necropolis
00:55 Necropolis
01:18 Necropolis
01:53 Necropolis
02:34 Necropolis
12:49 War Mill
team 2 (loser)

»
chaudevant (
green | 38 APM | 664 actions | 17:36)
4 Dreadlord
1 Vampiric Aura
2 Sleep
1 Carrion Swarm
» actions
| Build / train | 37 | |
| Enter build submenu | 20 | |
| Enter hero's abilities submenu | 4 | |
| Right click | 356 | |
| Select / deselect | 218 | |
| Use ability | 29 | |
664 total
» units
| Acolyte | 6 | |
| Ghoul | 9 | |
| Frost Wyrm | 5 | |
| Gargoyle | 3 | |
23 total
» upgrades
» buildings
| Ziggurat | 6 | |
| Crypt | 2 | |
| Graveyard | 1 | |
| Altar of Darkness | 1 | |
| Nerubian Tower | 1 | |
| Tomb of Relics | 1 | |
| Halls of the Dead | 1 | |
| Spirit Tower | 3 | |
| Black Citadel | 1 | |
| Sacrificial Pit | 1 | |
| Boneyard | 3 | |
| Necropolis | 1 | |
22 total
» build order
00:09 Ziggurat
00:15 Crypt
00:45 Graveyard
01:17 Altar of Darkness
01:33 Nerubian Tower
02:11 Crypt
02:42 Ziggurat
02:54 Ziggurat
03:11 Tomb of Relics
03:18 Ziggurat
03:46 Halls of the Dead
05:40 Spirit Tower
06:01 Spirit Tower
06:04 Spirit Tower
06:40 Black Citadel
08:04 Sacrificial Pit
09:20 Boneyard
09:23 Boneyard
09:26 Boneyard
09:36 Necropolis
13:08 Ziggurat
13:20 Ziggurat
» items
flawless. (
purple | 68 APM | 1148 actions | 16:58)
2 Blademaster
1 Wind Walk
1 Critical Strike
» actions
| Assign group hotkey | 99 | |
| Basic commands | 2 | |
| Build / train | 38 | |
| Enter build submenu | 22 | |
| Enter hero's abilities submenu | 2 | |
| Right click | 554 | |
| Select / deselect | 244 | |
| Select group hotkey | 147 | |
| Use ability | 39 | |
1148 total
» units
| Peon | 17 | |
| Wind Rider | 4 | |
| Troll Headhunter/Berserker | 5 | |
26 total
» upgrades
| Ranged Weapons | 3 | |
| Armor | 1 | |
| Troll Regeneration | 1 | |
5 total
» buildings
| Altar of Storms | 1 | |
| Orc Burrow | 9 | |
| Voodoo Lounge | 1 | |
| Stronghold | 3 | |
| War Mill | 1 | |
| Beastiary | 2 | |
| Watch Tower | 4 | |
| Barracks | 1 | |
| Fortress | 1 | |
23 total
» build order
00:09 Altar of Storms
00:11 Orc Burrow
01:32 Orc Burrow
01:35 Voodoo Lounge
02:26 Orc Burrow
02:48 Stronghold
02:48 Stronghold
02:51 War Mill
03:12 Orc Burrow
04:42 Orc Burrow
05:09 Beastiary
05:10 Beastiary
05:49 Orc Burrow
06:45 Watch Tower
06:46 Watch Tower
07:22 Watch Tower
07:23 Watch Tower
11:13 Barracks
11:24 Orc Burrow
12:27 Orc Burrow
12:52 Stronghold
12:56 Orc Burrow
15:16 Fortress
mass_attack (
yellow | 44 APM | 285 actions | 06:31)
1 Tauren Chieftain
1 War Stomp
» actions
| Assign group hotkey | 9 | |
| Build / train | 22 | |
| Enter build submenu | 6 | |
| Enter hero's abilities submenu | 1 | |
| Right click | 126 | |
| Select / deselect | 70 | |
| Select group hotkey | 38 | |
| Use ability | 13 | |
285 total
» units
» upgrades
» buildings
| Orc Burrow | 2 | |
| Barracks | 1 | |
| Altar of Storms | 1 | |
| Voodoo Lounge | 1 | |
| War Mill | 1 | |
| Stronghold | 1 | |
7 total
» build order
00:14 Orc Burrow
00:18 Barracks
00:43 Orc Burrow
01:41 Altar of Storms
03:18 Voodoo Lounge
03:35 War Mill
04:10 Stronghold
» items
| Scroll of Speed | 3 | |
| Lesser Clarity Potion | 1 | |
| Healing Salve | 1 | |
5 total
betrayer. (
orange | 41 APM | 710 actions | 17:25)
4 Death Knight
2 Death Coil
2 Unholy Aura
» actions
| Build / train | 39 | |
| Enter build submenu | 24 | |
| Enter hero's abilities submenu | 4 | |
| Remove unit from queue | 1 | |
| Right click | 304 | |
| Select / deselect | 297 | |
| Use ability | 41 | |
710 total
» units
| Acolyte | 3 | |
| Ghoul | 4 | |
| Crypt Fiend | 12 | |
| Peon | 1 | |
| Obsidian Statue | 3 | |
| Troll Headhunter/Berserker | 2 | |
| Grunt | 1 | |
26 total
» upgrades
» buildings
| Ziggurat | 5 | |
| Altar of Darkness | 1 | |
| Crypt | 2 | |
| Tomb of Relics | 1 | |
| Graveyard | 1 | |
| Halls of the Dead | 1 | |
| Great Hall | 1 | |
| Watch Tower | 3 | |
| Orc Burrow | 1 | |
| Voodoo Lounge | 1 | |
| Slaughterhouse | 2 | |
| Spirit Tower | 2 | |
| Nerubian Tower | 2 | |
| Necropolis | 1 | |
24 total
» build order
00:18 Ziggurat
00:21 Altar of Darkness
00:36 Crypt
01:47 Tomb of Relics
02:38 Graveyard
02:40 Ziggurat
03:19 Crypt
05:47 Ziggurat
05:48 Ziggurat
06:26 Halls of the Dead
07:22 Great Hall
07:26 Watch Tower
07:30 Watch Tower
09:51 Orc Burrow
10:05 Voodoo Lounge
10:31 Slaughterhouse
10:34 Slaughterhouse
10:37 Spirit Tower
10:44 Ziggurat
10:57 Nerubian Tower
11:11 Watch Tower
11:29 Spirit Tower
11:31 Nerubian Tower
16:09 Necropolis
» items
| Rod of Necromancy | 1 | |
| Scroll of Town Portal | 1 | |
2 total
Chat log
(00:13 / Allies) 2easy4me: dryads bears
(00:24 / Allies) 2easy4me: mgs faeries chims dryads bears hips dotts
(00:26 / Allies) 2easy4me: EVERYTHING
(00:29 / Allies) 2easy4me: WTF
(00:31 / Allies) 2easy4me: rush
(00:39 / Allies) 2easy4me: everyone down?
(00:44 / Allies) PRESS.ONWARD.: yes
(00:45 / Allies) LPVolpi: fine for me
(00:47 / Allies) PRESS.ONWARD.: plan?
(00:50 / Allies) 2easy4me: rush
(00:52 / Allies) 2easy4me: im taking teal
(00:57 / Allies) PRESS.ONWARD.: k
(01:02 / Allies) PRESS.ONWARD.: we will rush
(02:07 / Allies) 2easy4me: nice
(02:08 / Allies) PRESS.ONWARD.: tp
(02:12 / Allies) 2easy4me: yup
(02:13 / Allies) PRESS.ONWARD.: when it gets up
(02:23 / Allies) 2easy4me: if it does.
(02:27 / Allies) 2easy4me: it wont
(02:30 / Allies) 2easy4me: cancel
(02:30 / Allies) LPVolpi: cancel
(02:52 / Allies) LPVolpi: cancel
(02:54 / Allies) 2easy4me: cancel
(03:35 / Allies) 2easy4me: we rush here
(03:57 / Allies) 2easy4me: rally
(03:58 / Allies) 2easy4me: come
(04:01 / Allies) PRESS.ONWARD.: rally at red
(04:07 / Allies) LPVolpi: let me get lvl 2
(04:11 / Allies) 2easy4me: dont creep
(04:13 / Allies) LPVolpi: really fast
(04:25 / Allies) 2easy4me: WTF
(04:40 / Allies) 2easy4me: WTF PINK
(04:44 / Allies) PRESS.ONWARD.: im ru shing
(04:46 / Allies) PRESS.ONWARD.: aco's will tank
(05:25 / Allies) 2easy4me: go now
(06:13 / All) mass_attack: NO ONES TP
(06:16 / All) mass_attack: 4 vs 1
(06:19 / All) mass_attack: AND TEAM DONT TP
(06:20 / All) mass_attack: UN
(06:22 / All) mass_attack: IN
(06:24 / All) PRESS.ONWARD.: lawl
(06:26 / All) mass_attack: STALL
(06:27 / All) mass_attack: NOOBS
(06:34 / All) 2easy4me: sorry i haxed them
(06:35 / Allies) PRESS.ONWARD.: next bas
(06:36 / All) 2easy4me: they ant tp
(06:38 / Allies) PRESS.ONWARD.: next base
(07:01 / Allies) PRESS.ONWARD.: purple
(07:06 / Allies) PRESS.ONWARD.: blue come
(07:18 / All) 2easy4me: owned by mass aco
(07:19 / All) 2easy4me: rofl
(07:28 / All) PRESS.ONWARD.: if this works u guys need to quit forever
(07:58 / Allies) LPVolpi: kill air
(08:54 / Allies) PRESS.ONWARD.: orange dk
(08:56 / Allies) PRESS.ONWARD.: oj dk
(09:42 / Allies) PRESS.ONWARD.: kill hall then go next base
(09:48 / Allies) PRESS.ONWARD.: purple altar
(09:54 / Allies) PRESS.ONWARD.: purple altar
(10:04 / Allies) 2easy4me: lwets clear me
(10:05 / Allies) 2easy4me: mid*
(10:09 / Allies) PRESS.ONWARD.: no dammit
(10:11 / Allies) PRESS.ONWARD.: dont let them tower up
(10:18 / Allies) 2easy4me: its 3v2
(10:24 / Allies) PRESS.ONWARD.: 2v2 really
(10:24 / Allies) 2easy4me: stfu pink
(10:31 / Allies) PRESS.ONWARD.: they probably epo
(10:33 / Allies) PRESS.ONWARD.: there
(10:41 / Allies) PRESS.ONWARD.: ok next base
(10:53 / Allies) PRESS.ONWARD.: dont creep god dammit
(11:04 / Allies) 2easy4me: me > u
(11:06 / Allies) 2easy4me: i know what im doing
(11:11 / Allies) 2easy4me: 4 heros
(11:13 / Allies) PRESS.ONWARD.: ur 55-57
(11:15 / Allies) 2easy4me: leveled
(11:15 / Allies) PRESS.ONWARD.: i can get tht goign afk
(11:18 / Allies) 2easy4me: with me controling them
(11:22 / Allies) 2easy4me: lol
(11:22 / Allies) 2easy4me: k
(12:13 / Allies) PRESS.ONWARD.: towers not crypts
(12:25 / Allies) PRESS.ONWARD.: just tp out
(16:20 / Allies) PRESS.ONWARD.: stay dumbass
(16:31 / Allies) LPVolpi: heal
(16:38 / Allies) PRESS.ONWARD.: ur whole army doesnt need to heal
(17:03 / All) PRESS.ONWARD.: u guys need to quit wc3, losing to mass aco's is shameful
(17:17 / All) 2easy4me: losing to me isnt
(17:20 / All) 2easy4me: cause everyone does it
(17:33 / All) chaudevant: yea and u mass aco keep playing ?